 Dungeon Crawl Stone Soup version 0.23-a0-333-g006994f (webtiles) character file.

2837 Mgcat the Cleaver (level 9, -2/68 HPs)
             Began as a Vampire Gladiator on Oct 17, 2018.
             Was a Priest of Makhleb.
             Slain by a steam dragon (6 damage)
             ... on level 7 of the Dungeon.
             The game lasted 00:15:22 (5873 turns).

Mgcat the Cleaver (Vampire Gladiator)               Turns: 5873, Time: 00:15:23

Health: -2/68      AC: 13    Str: 16      XL:     9   Next: 46%
Magic:  12/12      EV:  8    Int: 11 (12) God:    Makhleb [***...]
Gold:   431        SH: 11    Dex: 19 (21) Spells: 8/8 levels left

rFire    . . .     SeeInvis +   a - +3 war axe
rCold    + . .     Gourm    .   u - +0 large shield
rNeg     + + .     Faith    .   y - +0 plate armour
rPois    +         Spirit   .   c - +0 helmet
rElec    .         Reflect  .   r - scarf {cloud immunity}
rCorr    .         Harm     .   (no gloves)
MR       .....                  s - +1 pair of boots
Stlth    ..........             (no amulet)
HPRegen  0.10/turn              h - +3 ring of evasion
MPRegen  0.13/turn              q - +2 ring of intelligence

@: agile, regenerating slowly
A: fangs 3, see invisible, unbreathing
a: Bat Form, Minor Destruction, Lesser Servant of Makhleb, Renounce Religion


You were on level 7 of the Dungeon.
You worshipped Makhleb.
Makhleb was most pleased with you.
You were thirsty.

You visited 1 branch of the dungeon, and saw 7 of its levels.

You collected 431 gold pieces.

Inventory:

Hand Weapons
 a - a +3 war axe (weapon)
 k - a +0 war axe
   (You took it off an orc on level 6 of the Dungeon)
Missiles
 d - 3 throwing nets {=f, !d}
Armour
 c - a +0 helmet (worn)
 l - a +0 scale mail
   (You found it on level 2 of the Dungeon)
 r - a scarf of cloud immunity (worn)
   (You found it on level 2 of the Dungeon)
 s - a +1 pair of boots (worn)
   (You found it on level 2 of the Dungeon)
 u - a +0 large shield (worn)
   (You found it on level 6 of the Dungeon)
 y - a +0 plate armour (worn)
   (You took it off an orc warrior on level 6 of the Dungeon)
Jewellery
 h - a +3 ring of evasion (left hand)
   (You found it on level 1 of the Dungeon)
 q - a +2 ring of intelligence (right hand)
   (You found it on level 5 of the Dungeon)
 t - an uncursed ring of magical power {MP+9}
   (You found it on level 3 of the Dungeon)
Wands
 w - a wand of enslavement (9)
   (You found it on level 3 of the Dungeon)
Scrolls
 b - 2 scrolls of remove curse
 m - 2 scrolls of enchant weapon
 p - 2 scrolls of identify
 v - 2 scrolls of fog
Potions
 e - 10 potions of blood {@q1}
 f - a potion of degeneration {!q}
 n - 5 potions of flight


   Skills:
 - Level 5.0 Fighting
 + Level 10.1 Axes
 - Level 1.5 Throwing
 - Level 3.2 Dodging
 - Level 5.0 Invocations


You had 8 spell levels left.
You didn't know any spells.
Your spell library was empty.

Dungeon Overview and Level Annotations

Branches:
Dungeon (7/15)             Temple (0/1) D:6

Altars:
Makhleb
Okawaru
Qazlal
Wu Jian
The Shining One

Shops:
D:4 :   D:6 }


Innate Abilities, Weirdness & Mutations

You heal slowly.
You have razor-sharp teeth.
You have supernaturally acute eyesight. (SInv)
You can survive without breathing.


Message History

Your shield and plate armour prevent you from hitting the spriggan baker.
The spriggan baker hits you but does no damage.
Unknown command.
Unknown command.
Unknown command.
You miss the spriggan baker. You bite the spriggan baker.
You draw the spriggan baker's blood!
You feel better.
You feel slightly less thirsty.
The spriggan baker is heavily wounded.
Your shield and plate armour prevent you from hitting the worker ant.
The worker ant bites you but does no damage.
You block the spriggan baker's attack.
Unknown command.
Unknown command.
Unknown command.
Okay, then.
Use e to drain blood from corpses.
Unknown command.
Your plate armour prevents you from hitting the spriggan baker.
You bite the spriggan baker, but do no damage.
The spriggan baker is heavily wounded.
You closely miss the worker ant. You block the worker ant's attack.
You block the spriggan baker's attack. The worker ant barely misses you.
Unknown command.
You closely miss the spriggan baker.
The spriggan baker is heavily wounded.
You hit the worker ant.
The spriggan baker hits you but does no damage.
The worker ant misses you.
Unknown command.
Your shield and plate armour prevent you from hitting the spriggan baker.
Your bite misses the spriggan baker.
The spriggan baker is heavily wounded.
Your shield and plate armour prevent you from hitting the worker ant.
The worker ant bites you.
* * * LOW HITPOINT WARNING * * *
The spriggan baker hits you but does no damage.
Unknown command.
You hit the spriggan baker.
The spriggan baker is heavily wounded.
You hit the worker ant. The worker ant misses you.
You block the spriggan baker's attack. The worker ant closely misses you.
The spriggan baker hits you with a +0 dagger.
* * * LOW HITPOINT WARNING * * *
Unknown command.
Unknown command.
You miss the spriggan baker.
The spriggan baker is heavily wounded.
You slash the worker ant! The worker ant closely misses you.
The spriggan baker closely misses you.
Unknown command.
Unknown command.
You slash the spriggan baker!
You kill the spriggan baker!
Makhleb accepts your kill.
You feel your strength returning.
Your Axes skill increases to level 10!
You hit the worker ant.
You kill the worker ant!
Makhleb accepts your kill.
Unknown command.
Unknown command.
Unknown command.
Things that are here:
a +0 dagger; a +0 robe; a sling bullet Unknown command.
Unknown command.
You hit the steam dragon but do no damage.
The steam dragon breathes steam at you. The ball of steam hits you!
* * * LOW HITPOINT WARNING * * *
You hear a shout!
Unknown command.
Unknown command.
Unknown command.
Unknown command.
You slice the steam dragon!!
The steam dragon is severely wounded.
The steam dragon bites you.
* * * LOW HITPOINT WARNING * * *
The steam dragon barely misses you.
Unknown command.
Unknown command.
Unknown command.
Okay, then.
Unknown command.
You slash the steam dragon! You bite the steam dragon.
You draw the steam dragon's blood!
You feel better.
You feel slightly less thirsty.
The steam dragon is almost dead.
You block the steam dragon's attack. The steam dragon closely misses you.
You block the steam dragon's attack.
The steam dragon claws you but does no damage.
Unknown command.
Unknown command.
Unknown command.
You hit the steam dragon but do no damage.
The steam dragon is almost dead.
The steam dragon bites you.
You die...

#..###.#....#
#.# ...@# #.#
#.oo #.# ..
#.# . #.# #)#
#D# #@#
####§# #
##..#.##...#
#..†<......#
####.§....##
##.#...#
#.###.# #.#
## #.#


You could see a steam dragon.

Vanquished Creatures
  Joseph (D:7)
  Sigmund (D:2)
  A spriggan (D:7)
  A water moccasin (D:6)
  An orc warrior (D:7)
  An ice beast (D:6)
  2 ogres (D:4)
  4 phantoms
  2 centaurs (D:6)
  A big kobold (D:7)
  A bullfrog (D:7)
  2 scorpions
  A howler monkey (D:7)
  2 crimson imps
  A centaur zombie (D:6)
  2 hounds
  7 orc wizards
  An orc priest (D:6)
  7 worker ants
  A hound skeleton (D:4)
  A worker ant zombie (D:6)
  4 gnolls (D:6)
  3 adders
  2 shadow imps
  2 adder skeletons (D:4)
  An adder zombie (D:6)
  3 worms
  2 dart slugs (D:2)
  5 leopard geckos
  13 orcs
  2 ball pythons (D:2)
  9 bats
  6 giant cockroaches
  6 goblins
  5 hobgoblins
  8 jackals
  A quokka (D:4)
  2 frilled lizards
  A jackal zombie (D:5)
  18 kobolds
  5 rats
139 creatures vanquished.

Vanquished Creatures (collateral kills)
  A hornet (D:6)
  An orc warrior (D:6)
  2 orcs (D:7)
4 creatures vanquished.

Grand Total: 143 creatures vanquished

Notes
Turn   | Place    | Note
-------+----------+-------------------------------------------
     0 | D:1      | Mgcat the Vampire Gladiator began the quest for the Orb.
     0 | D:1      | Reached XP level 1. HP: 16/16 MP: 1/1
    74 | D:1      | Reached skill level 2 in Fighting
   243 | D:1      | Reached skill level 3 in Axes
   243 | D:1      | Reached XP level 2. HP: 22/22 MP: 2/2
  1022 | D:2      | Reached XP level 3. HP: 28/28 MP: 3/3
  1181 | D:2      | Found a faded altar of an unknown god.
  1260 | D:2      | Became a worshipper of Makhleb the Destroyer
  1260 | D:2      | Reached * piety under Makhleb
  1274 | D:2      | Reached skill level 3 in Fighting
  1451 | D:2      | Found an ornate altar of the Wu Jian Council.
  1458 | D:2      | Reached XP level 4. HP: 35/35 MP: 4/4
  1702 | D:2      | Noticed Sigmund
  1726 | D:2      | Killed Sigmund
  1726 | D:2      | Reached skill level 4 in Fighting
  1726 | D:2      | Reached skill level 4 in Axes
  1726 | D:2      | Reached XP level 5. HP: 42/42 MP: 5/5
  2095 | D:3      | Reached ** piety under Makhleb
  2325 | D:4      | Reached XP level 6. HP: 43/48 MP: 6/6
  2336 | D:4      | Found Yxuhu's Book Shop.
  2452 | D:4      | Reached skill level 1 in Invocations
  2535 | D:4      | Reached skill level 5 in Axes
  2557 | D:4      | Reached skill level 2 in Invocations
  2578 | D:4      | Reached XP level 7. HP: 48/55 MP: 8/8
  2591 | D:4      | Reached skill level 5 in Fighting
  2960 | D:4      | Reached skill level 3 in Invocations
  3068 | D:4      | You fall through a shaft!
  3068 | D:5      | Entered Level 5 of the Dungeon
  3091 | D:5      | Found a stormy altar of Qazlal.
  3204 | D:5      | Found an iron altar of Okawaru.
  3492 | D:5      | Found a burning altar of Makhleb.
  3492 | D:5      | Noticed a green death
  3568 | D:5      | Reached skill level 6 in Axes
  3685 | D:5      | Found a glowing golden altar of the Shining One.
  3853 | D:6      | Reached skill level 4 in Invocations
  3853 | D:6      | Reached XP level 8. HP: 55/62 MP: 9/11
  3947 | D:6      | Reached *** piety under Makhleb
  4136 | D:6      | Reached skill level 7 in Axes
  4251 | D:6      | Reached skill level 5 in Invocations
  4284 | D:6      | Found Nedubufo's Gadget Emporium.
  4575 | D:6      | Reached skill level 8 in Axes
  4845 | D:6      | Found a staircase to the Ecumenical Temple.
  4969 | D:7      | Noticed Joseph
  5313 | D:7      | Noticed a hornet
  5319 | D:7      | Paralysed by a hornet for 1 turns
  5326 | D:7      | HP: 13/62 [ice beast (14)]
  5330 | D:6      | Reached XP level 9. HP: 24/68 MP: 12/12
  5332 | D:6      | HP: 14/68 [hornet (7)]
  5337 | D:6      | Reached skill level 9 in Axes
  5857 | D:7      | HP: 15/68 [spriggan baker/+0 dagger (6)]
  5857 | D:7      | HP: 2/68 [Joseph/+0 quarterstaff (13)]
  5861 | D:7      | Killed Joseph
  5865 | D:7      | HP: 7/68 [worker ant (1)]
  5868 | D:7      | Reached skill level 10 in Axes
  5870 | D:7      | HP: 2/68 [steam dragon/ball of steam (5)]
  5873 | D:7      | Slain by a steam dragon

Vault maps used:
D:1:      sevenhm_arrival_forest_fort_small_5, minmay_nonomino_d4
D:2:      nicolae_overflow_crystal_walls, chequers_ecumenical_altar_simple,
          uniq_sigmund
D:3:      kennysheep_generic_room_15
D:4:      serial_shops, nicolae_shop_stone, first_ration, minmay_distorted
D:5:      overflow_temple_1_default, makhleb_altar_promises_db, tso_altar,
          kennysheep_okawaru_gauntlet
D:6:      lemuel_temple_firewalk_a, serial_shops, shop, grunt_decor_arrowhead
D:7:      chequers_temple_overflow_minitemple, gammafunk_ghost_mausoleum,
          the_bakery, glass_columns_a, uniq_joseph

Skill      XL: |  1  2  3  4  5  6  7  8  9 |
---------------+----------------------------+-----
Fighting       | 2 3 4 5 |  5.0
Axes           | 3 4 5 6 8 10 | 10.1
Invocations    | 2 4 5 |  5.0
Throwing       | |  1.5
Dodging        | |  3.2

Action                   |  1- 3 |  4- 6 |  7- 9 || total
-------------------------+-------+-------+-------++-------
Melee: War axe           |   108 |   106 |   298 ||   512
       Bite              |     5 |    14 |    27 ||    46
Invok: Minor Destruction |       |     2 |    10 ||    12
       Lesser Servant of |       |       |     5 ||     5
  Use: Potion            |     1 |     2 |    16 ||    19
       Scroll            |       |    12 |     5 ||    17
 Stab: Sleeping          |     1 |     2 |       ||     3
Armor: Leather armour    |     3 |       |       ||     3
       Ring mail         |    29 |    12 |       ||    41
       Scale mail        |       |    19 |    91 ||   110
       Plate armour      |       |       |    21 ||    21
Dodge: Dodged            |   100 |    81 |   138 ||   319
Block: Large shield      |       |       |   137 ||   137

Table legend:
 A = Non-vault XP
 B = Vault XP
 C = Vault XP percentage of total XP
 D = Non-vault monster count
 E = Vault monster count
 F = Vault count percentage of total count
                 A         B        C        D         E       F
            +---------+---------+-------+---------+---------+-------
      Total |    3133 |     921 |  22.7 |     136 |       7 |   4.9
            +---------+---------+-------+---------+---------+-------
        D:1 |      22 |       3 |  12.0 |      13 |       2 |  13.3
        D:2 |      89 |     223 |  71.5 |      30 |       1 |   3.2
        D:3 |      24 |       0 |   0.0 |      14 |       0 |   0.0
        D:4 |     731 |       0 |   0.0 |      22 |       0 |   0.0
        D:5 |     165 |       4 |   2.4 |       6 |       2 |  25.0
        D:6 |    1630 |       0 |   0.0 |      34 |       0 |   0.0
        D:7 |     472 |     691 |  59.4 |      17 |       2 |  10.5
            +---------+---------+-------+---------+---------+-------

Vault maps used:
D:1:      sevenhm_arrival_forest_fort_small_5, minmay_nonomino_d4
D:2:      nicolae_overflow_crystal_walls, chequers_ecumenical_altar_simple,
          uniq_sigmund
D:3:      kennysheep_generic_room_15
D:4:      serial_shops, nicolae_shop_stone, first_ration, minmay_distorted
D:5:      overflow_temple_1_default, makhleb_altar_promises_db, tso_altar,
          kennysheep_okawaru_gauntlet
D:6:      lemuel_temple_firewalk_a, serial_shops, shop, grunt_decor_arrowhead
D:7:      chequers_temple_overflow_minitemple, gammafunk_ghost_mausoleum,
          the_bakery, glass_columns_a, uniq_joseph

Table legend:
 A = Turns spent in this place as a percentage of turns spent in the entire game.
 B = Non-inter-level travel turns spent in this place as a percentage of non-inter-level travel turns spent in the entire game.
 C = Inter-level travel turns spent in this place as a percentage of turns spent in this place.
 D = Turns resting spent in this place as a percentage of non-inter-level travel turns spent in this place.
 E = Turns spent auto-exploring this place as a percentage of non-inter-level travel turns spent in this place.
 F = Non-inter-level travel turns spent in this place divided by the number of levels of this place that you've seen.
                   A       B       C       D       E      F
               +-------+-------+-------+-------+-------+----------------------
         Total | 100.0 | 100.0 |   5.2 |   6.4 |  72.2 | 795.7
       Dungeon | 100.0 | 100.0 |   5.2 |   6.4 |  72.2 | 795.7
               +-------+-------+-------+-------+-------+----------------------

Table legend:
 A = Kills in this place as a percentage of kills in entire the game.
 B = Kills by you in this place as a percentage of kills by you in the entire game.
 C = Kills by friends in this place as a percentage of kills by friends in the entire game.
 D = Other kills in this place as a percentage of other kills in the entire game.
 E = Experience gained in this place as a percentage of experience gained in the entire game.
 F = Experience gained in this place divided by the number of levels of this place that you have seen.
                   A       B       C       D       E      F
               +-------+-------+-------+-------+-------+----------------------
         Total | 100.0 | 100.0 | 100.0 |   N/A | 100.0 | 579.1
       Dungeon | 100.0 | 100.0 | 100.0 |   N/A | 100.0 | 579.1
               +-------+-------+-------+-------+-------+----------------------
